[Event "Titled Tuesday Blitz August 09 Early 2022"]
[White "Omelja, Artem"]
[Black "Niyazgulova, Marina"]
[WhiteFideId "14119846"]
[BlackFideId "24142573"]
[WhiteElo "2382"]
[BlackElo "1986"]
[Result "0-1"]
[Round "10"]
[TimeControl "180+1"]
[Date "2022.08.09"]
[WhiteClock "0:00:02"]
[BlackClock "0:00:24"]

1. d4 d5 2. c4 c6 3. Nc3 Nf6 4. e3 a6 5. Nf3 b5 6. c5 Bf5 7. Ne5 g6 8. Be2 h5 9. h3 Bg7 10. O-O O-O 11. a4 b4 12. Nb1 a5 13. Nd2 Qc7 14. g4 hxg4 15. hxg4 Be6 16. g5 Ne4 17. f4 Bf5 18. Nxe4 Bxe4 19. Bd3 Bxd3 20. Qxd3 Nd7 21. Bd2 Qb7 22. Qe2 Bxe5 23. fxe5 Kg7 24. Be1 Rh8 25. Bg3 e6 26. Rf2 Raf8 27. Raf1 Nb8 28. Rf4 Rh5 29. Kg2 Qe7 30. Bh4 Qd7 31. Kg3 Qe7 32. Rf6 Qd7 33. Qg4 Qe7 34. Kg2 Nd7 35. Rh1 Nb8 36. Bg3 Rxh1 37. Kxh1 Rh8+ 38. Kg2 Rh5 39. Bf4 Nd7 40. Qe2 Nb8 0-1


[Site "https://www.chess.com"]

[Event "Titled Tuesday Blitz August 09 Early 2022"]
[White "Orlov, Georgi"]
[Black "Fiorito, Joaquin"]
[WhiteFideId "2011271"]
[BlackFideId "180173"]
[WhiteElo "2590"]
[BlackElo "1758"]
[Result "0-1"]
[Round "10"]
[TimeControl "180+1"]
[Date "2022.08.09"]
[WhiteClock "0:00:11"]
[BlackClock "0:00:50"]

1. e4 c6 2. Nc3 d5 3. Nf3 Bg4 4. h3 Bxf3 5. Qxf3 Nf6 6. e5 Nfd7 7. d4 e6 8. Qg3 Qb6 9. Ne2 c5 10. c3 Nc6 11. dxc5 Bxc5 12. b4 Nxb4 13. cxb4 Bxb4+ 14. Kd1 O-O-O 15. Rb1 Qa5 16. Qb3 Nc5 17. Qc2 Kb8 18. a3 Bxa3 19. Nd4 Rc8 20. Ra1 Na4 21. Qd2 Bb4 22. Nb3 Qb6 23. Qe3 Nc3+ 24. Ke1 d4 25. Qd3 Ne4+ 26. Ke2 Rc3 27. Qxe4 Rxb3 28. Kd1 Rc8 29. Be2 d3 30. Bf3 Rc2 31. Be3 Bc5 32. Bxc5 Rb1+ 0-1


[Site "https://www.chess.com"]

[Event "Titled Tuesday Blitz August 09 Early 2022"]
[White "Parpiev, Isaak"]
[Black "Zamorano, Jorge"]
[WhiteFideId "34281576"]
[BlackFideId "173770"]
[WhiteElo "2049"]
[BlackElo "2331"]
[Result "1-0"]
[Round "10"]
[TimeControl "180+1"]
[Date "2022.08.09"]
[WhiteClock "0:00:15"]
[BlackClock "0:00:02"]

1. e4 c5 2. Nf3 d6 3. d4 cxd4 4. Nxd4 Nf6 5. Nc3 a6 6. f4 e5 7. Nb3 Nbd7 8. g4 d5 9. exd5 Bb4 10. g5 Ne4 11. Qd3 Nxc3 12. bxc3 Bd6 13. f5 O-O 14. Bg2 e4 15. Qe2 Re8 16. O-O e3 17. Bxe3 Qe7 18. Rae1 Qe5 19. Bf4 Qxe2 20. Rxe2 Rxe2 21. Bxd6 Nb6 22. Nd4 Re8 23. Bc7 Nc4 24. d6 Kf8 25. Rb1 Ne5 26. Bxb7 Bxb7 27. Rxb7 Nd7 28. Kf2 Nc5 29. Rb2 Re5 30. d7 Nxd7 31. Bd6+ Ke8 32. Bxe5 Nxe5 33. Rb7 Rc8 34. Ne2 1-0


[Site "https://www.chess.com"]

[Event "Titled Tuesday Blitz August 09 Early 2022"]
[White "Petrova, Irina"]
[Black "Jiganchine, Roman"]
[WhiteFideId "14124122"]
[BlackFideId "2603667"]
[WhiteElo "2021"]
[BlackElo "2288"]
[Result "1/2-1/2"]
[Round "10"]
[TimeControl "180+1"]
[Date "2022.08.09"]
[WhiteClock "0:00:16"]
[BlackClock "0:00:09"]

1. e4 c6 2. d4 d5 3. e5 Bf5 4. h4 h5 5. c4 e6 6. Nc3 Bb4 7. Bd3 Bxd3 8. Qxd3 Ne7 9. Ne2 O-O 10. Bg5 dxc4 11. Qxc4 Bxc3+ 12. bxc3 Qd5 13. Qd3 Nf5 14. Nf4 Qa5 15. Nxh5 c5 16. O-O cxd4 17. cxd4 Nc6 18. Be3 Rad8 19. Qe4 Ncxd4 20. Qg4 Qxe5 21. Bg5 Rd5 22. Nf6+ Kh8 23. Qh5+ Nh6 24. Nxd5 Qxd5 25. Rad1 Kh7 26. Rxd4 Qxd4 27. Bxh6 gxh6 28. Re1 Qf6 29. Re3 Qg6 30. Qc5 Rg8 31. Rg3 Qb1+ 32. Kh2 Rxg3 33. fxg3 Qe4 34. Qxa7 Kg6 35. a4 h5 36. a5 Qd5 37. Qb6 Kg7 38. Qb2+ Kg6 39. Qc2+ Qf5 40. Qc8 Qd5 41. Qg8+ Kf6 42. Qh8+ Kg6 43. Qg8+ Kf6 44. Qa8 Kg6 45. a6 bxa6 46. Qxa6 Kf6 47. Qa1+ Kg6 48. Qh8 Qf5 49. Qg8+ Kh6 50. Qh8+ Kg6 51. Qd8 Kh6 52. Qd2+ Kg6 53. Qb2 Kh6 54. Qc1+ Kg6 55. Qb2 Kh6 56. Qd2+ Kg6 57. Qd1 Kh6 58. Qc1+ Kg6 59. Qb2 1/2-1/2


[Site "https://www.chess.com"]

[Event "Titled Tuesday Blitz August 09 Early 2022"]
[White "Pranav Anand"]
[Black "Yaksin, Oleg"]
[WhiteFideId "46626786"]
[BlackFideId "24105880"]
[WhiteElo "2300"]
[BlackElo "2256"]
[Result "1-0"]
[Round "10"]
[TimeControl "180+1"]
[Date "2022.08.09"]
[WhiteClock "0:01:24"]
[BlackClock "0:00:01"]

1. Nf3 d5 2. g3 Nf6 3. Bg2 Bf5 4. d3 e6 5. Nh4 Bg6 6. Nxg6 hxg6 7. h3 Nbd7 8. Nd2 Be7 9. e4 c6 10. O-O dxe4 11. dxe4 e5 12. Qe2 O-O 13. h4 Nc5 14. Nc4 Qc7 15. a4 Rad8 16. Bg5 Ne6 17. Be3 Bc5 18. c3 Bxe3 19. Qxe3 b6 20. b4 Ne8 21. Bh3 Qe7 22. Nxe5 Qc7 23. Nxg6 fxg6 24. Bxe6+ Kh7 25. Kg2 Nf6 26. e5 Nd5 27. Bxd5 Rxd5 28. Rae1 Rfd8 29. Qe4 Kh8 30. Rh1 Qf7 31. e6 Qf6 32. Re2 Re8 33. Rhe1 Re7 34. Re3 a5 35. Rf3 Rf5 36. Rxf5 gxf5 37. Qxc6 axb4 38. cxb4 Qd4 39. Re3 Qxb4 40. Qa8+ Kh7 41. Qf8 Qc5 42. h5 Qd5+ 43. Kh2 Rxe6 44. Qf7 Rd6 45. Qe8 1-0


[Site "https://www.chess.com"]

[Event "Titled Tuesday Blitz August 09 Early 2022"]
[White "Ramirez Vido, Robert Yorisan"]
[Black "Janaszak, Dawid"]
[WhiteFideId "3513823"]
[BlackFideId "1119206"]
[WhiteElo "2440"]
[BlackElo "2165"]
[Result "0-1"]
[Round "10"]
[TimeControl "180+1"]
[Date "2022.08.09"]
[WhiteClock "0:00:02"]
[BlackClock "0:00:09"]

1. Nf3 c5 2. g3 g6 3. Bg2 Bg7 4. O-O Nf6 5. d3 O-O 6. e4 d6 7. Re1 Nc6 8. Nc3 Rb8 9. a4 a6 10. Nd5 b5 11. axb5 axb5 12. Bg5 h6 13. Bxf6 exf6 14. Nd2 f5 15. exf5 Bxf5 16. Ra6 Ne5 17. f4 Bg4 18. Qa1 Nd7 19. Rxd6 Re8 20. Ne4 Be6 21. Qa7 Bxb2 22. c3 Ra8 23. Qb7 Qc8 24. Ndf6+ Kh8 25. Qxc8 Rexc8 26. Nxd7 Ra2 27. Nexc5 Bxc3 28. Rb1 b4 29. Nxe6 fxe6 30. Rxe6 Rd8 31. Nf6 Rxd3 32. Ne4 Bd4+ 33. Kf1 b3 34. Re8+ Kg7 35. Rb8 b2 36. Rb7+ Kf8 37. Nf2 Ra1 0-1


[Site "https://www.chess.com"]

[Event "Titled Tuesday Blitz August 09 Early 2022"]
[White "Reprintsev, Alexander"]
[Black "Altman, Joshua"]
[WhiteFideId "14100541"]
[BlackFideId "426210"]
[WhiteElo "2108"]
[BlackElo "1945"]
[Result "0-1"]
[Round "10"]
[TimeControl "180+1"]
[Date "2022.08.09"]
[WhiteClock "0:00:02"]
[BlackClock "0:00:11"]

1. e4 e6 2. d4 d5 3. Nc3 Nf6 4. Bg5 dxe4 5. Nxe4 Nbd7 6. Nf3 Be7 7. Ng3 b6 8. Qd2 Bb7 9. O-O-O O-O 10. h4 c5 11. Ne5 cxd4 12. Nxd7 Qxd7 13. Qxd4 Qxd4 14. Rxd4 Bc5 15. Bxf6 gxf6 16. Rg4+ Kh8 17. f3 f5 18. Ra4 Bc6 19. Rc4 Rfd8 20. Bd3 Bb5 21. Rc3 Bxd3 22. Rxd3 Bf2 23. Ne2 Rac8 24. Ra3 a5 25. g4 fxg4 26. fxg4 Bc5 27. Rf3 Rd7 28. Rd1 Rdc7 29. c3 b5 30. Kb1 b4 31. Rfd3 Kg7 32. Rd7 Rc6 33. Rf1 Rf8 34. Nd4 Bxd4 35. cxd4 Rc4 36. Rd6 Rfc8 37. Rd7 Kg8 38. b3 Rc3 39. Rdxf7 Rd3 40. R7f4 Rd2 41. Rc1 Rxc1+ 42. Kxc1 Rxa2 43. g5 Ra3 44. Kb2 a4 45. bxa4 Rxa4 46. Kb3 Ra3+ 47. Kxb4 Rh3 48. Kc5 Kg7 49. Kd6 Re3 0-1


[Site "https://www.chess.com"]

[Event "Titled Tuesday Blitz August 09 Early 2022"]
[White "Rios Escobar, Adan"]
[Black "Gombocz, Ferenc Jr."]
[WhiteFideId "3403645"]
[BlackFideId "775029"]
[WhiteElo "2413"]
[BlackElo "1913"]
[Result "1-0"]
[Round "10"]
[TimeControl "180+1"]
[Date "2022.08.09"]
[WhiteClock "0:01:07"]
[BlackClock "0:01:53"]

1. d4 d5 2. g3 Nf6 3. Nf3 c6 4. c4 Bg4 5. Ne5 Bf5 6. cxd5 cxd5 7. Nc3 Nc6 8. f3 e6 9. g4 Bg6 10. h4 Nxe5 11. dxe5 Nd7 12. h5 Be7 13. Bg2 Bh4+ 14. Kf1 Nxe5 15. Qa4+ Kf8 16. hxg6 hxg6 17. Bf4 Qb6 18. Rxh4 Rxh4 19. Bxe5 Qxb2 20. Rb1 Qd2 21. Rxb7 Rd8 22. Qxa7 Qc1+ 23. Kf2 Kg8 24. Rxf7 1-0


[Site "https://www.chess.com"]

[Event "Titled Tuesday Blitz August 09 Early 2022"]
[White "Rohith Krishna S"]
[Black "Dev, Shah"]
[WhiteFideId "46617051"]
[BlackFideId "35019058"]
[WhiteElo "2118"]
[BlackElo "2048"]
[Result "1-0"]
[Round "10"]
[TimeControl "180+1"]
[Date "2022.08.09"]
[WhiteClock "0:00:17"]
[BlackClock "0:00:01"]

1. e4 e5 2. Nf3 Nc6 3. Bc4 Bc5 4. O-O Nf6 5. d4 Bxd4 6. Nxd4 Nxd4 7. f4 d6 8. fxe5 dxe5 9. Bg5 Be6 10. Na3 h6 11. Bxf6 gxf6 12. c3 Nc6 13. Bxe6 Qxd1 14. Raxd1 fxe6 15. Rxf6 Ke7 16. Rf3 Rad8 17. Rdf1 Rh7 18. Rg3 Rd2 19. Rf2 Rd1+ 20. Rf1 Rd2 21. Nc4 Re2 22. Re3 Rxe3 23. Nxe3 Rf7 24. Re1 b6 25. g3 Nb8 26. Ng4 Nd7 27. Nxh6 Rg7 28. Rf1 Nf6 29. h3 Rxg3+ 30. Kh2 Rd3 31. Rg1 Rd2+ 32. Kh1 Nxe4 33. Rg7+ Kd6 34. Nf7+ Kd5 35. b3 Nf2+ 36. Kg2 Ne4+ 37. Kf3 Nxc3 38. Nd8 e4+ 39. Kg3 Ne2+ 40. Kg4 Ke5 41. Nc6+ Kf6 42. Rxc7 Rc2 43. Rc8 Rxa2 44. Rf8+ Kg7 45. Re8 Rc2 46. Rxe6 Nc1 47. Nd4 Rc3 48. b4 Nd3 49. b5 Nc5 50. Re7+ Kf6 51. Rxa7 Rd3 52. Nf5 Rd1 53. Ne3 Rd2 54. Nc4 Rg2+ 55. Kf4 Rf2+ 56. Kg3 Rf3+ 57. Kg4 Rb3 58. Nxb6 Rxb5 59. Nd5+ Ke5 60. Nf4 Rb1 61. Ne2 Re1 62. Ng3 Rg1 63. Re7+ Ne6 64. h4 Kd6 65. Rf7 e3 66. Kh3 Nd4 67. Rf4 e2 68. Rxd4+ Ke5 69. Nxe2 Re1 70. Rd2 Rf1 71. Ng3 Rf3 72. Re2+ Kf6 73. Kg4 Ra3 74. h5 Ra4+ 75. Re4 Ra5 76. Rf4+ Kg7 77. Rf5 Ra3 78. Ne4 Ra1 79. Rg5+ Kh8 80. Re5 Rg1+ 81. Kf5 Rf1+ 82. Kg6 Rf8 83. Re7 Ra8 84. Nf6 1-0


[Site "https://www.chess.com"]

[Event "Titled Tuesday Blitz August 09 Early 2022"]
[White "Rose, Felix"]
[Black "Ismayil, Malak"]
[WhiteFideId "5105722"]
[BlackFideId "13412604"]
[WhiteElo "2039"]
[BlackElo "1879"]
[Result "1/2-1/2"]
[Round "10"]
[TimeControl "180+1"]
[Date "2022.08.09"]
[WhiteClock "0:00:24"]
[BlackClock "0:00:11"]

1. e4 e5 2. Nf3 Nc6 3. Bb5 a6 4. Ba4 Nf6 5. O-O Be7 6. Re1 b5 7. Bb3 O-O 8. h3 d5 9. exd5 Nxd5 10. Nxe5 Nxe5 11. Rxe5 c6 12. d4 Bd6 13. Re1 Qh4 14. Nc3 Nf4 15. Bxf4 Qxf4 16. g3 Qf5 17. Qg4 Qxg4 18. hxg4 Bxg4 19. Kg2 a5 20. a4 Bd7 21. axb5 cxb5 22. Bd5 Ra6 23. Ne4 h6 24. c4 bxc4 25. Bxc4 Rb6 26. Nxd6 Rxd6 27. d5 a4 28. b3 Rc8 29. Re4 f5 30. Rd4 axb3 31. Bxb3 Kf7 32. Ra7 Kf6 33. Rb4 Rc5 34. Rbb7 Be8 35. Re7 Bh5 36. Rxg7 Rb6 37. Ba2 Rb2 38. Rgb7 Rd2 39. Rb6+ Ke5 40. Rf7 Rcc2 41. Re7+ Kd4 42. Rb4+ Kc3 43. Rc4+ Kb2 44. Rxc2+ Kxc2 45. d6 Rxd6 46. Re6 Rxe6 47. Bxe6 Bg6 48. Kf3 Kd3 49. Kf4 Kd4 50. Bxf5 Bf7 51. g4 Bd5 52. f3 Bf7 53. Be4 Be6 54. Kg3 Ke5 55. Kh4 Kf6 56. Kh5 Kg7 57. g5 hxg5 58. Kxg5 Bf7 59. f4 Be6 60. Bf5 Bf7 61. Bd7 Bd5 62. f5 Bf7 63. f6+ Kf8 64. Bf5 Bd5 65. Kg6 Bf7+ 66. Kg5 Bd5 67. Bg6 Be6 68. Kf4 Bd5 69. Ke5 Bb3 70. Bf5 Bg8 71. Be6 Bh7 72. Kd6 Bd3 73. Ke5 Bg6 74. Kd6 Be8 75. Bd7 Bxd7 76. Kxd7 Kf7 77. Kd6 Kxf6 1/2-1/2


[Site "https://www.chess.com"]

[Event "Titled Tuesday Blitz August 09 Early 2022"]
[White "Salem, A.R. Saleh"]
[Black "Zhigalko, Sergei"]
[WhiteFideId "9301348"]
[BlackFideId "13502956"]
[WhiteElo "2674"]
[BlackElo "2662"]
[Result "1-0"]
[Round "10"]
[TimeControl "180+1"]
[Date "2022.08.09"]
[WhiteClock "0:01:04"]
[BlackClock "0:00:01"]

1. d4 Nf6 2. c4 e6 3. Nc3 Bb4 4. a3 Bxc3+ 5. bxc3 O-O 6. f3 d6 7. e4 e5 8. Bd3 Re8 9. Ne2 Nbd7 10. O-O Nf8 11. a4 a5 12. Be3 Ng6 13. Kh1 Bd7 14. c5 dxc5 15. d5 b6 16. Qd2 Re7 17. Bg5 Re8 18. g3 h6 19. Be3 Re7 20. c4 Ne8 21. f4 f6 22. f5 Nf8 23. g4 Nd6 24. h4 Nh7 25. Rg1 Kf7 26. Rg2 Qh8 27. Rh2 Rg8 28. g5 Ke8 29. g6 Nf8 30. Bxc5 bxc5 31. h5 Nb7 32. Rb1 Bc8 33. Rxb7 Bxb7 34. Qxa5 Kd8 35. Nc3 Bc8 36. d6 Rd7 37. Nd5 Ke8 38. Qa8 Rd8 39. Qc6+ 1-0


[Site "https://www.chess.com"]

[Event "Titled Tuesday Blitz August 09 Early 2022"]
[White "Sanchez Alvares, Kelvin Antonio"]
[Black "Ferriz Barrios, Andres"]
[WhiteFideId "3906680"]
[BlackFideId "5104467"]
[WhiteElo "2189"]
[BlackElo "2200"]
[Result "0-1"]
[Round "10"]
[TimeControl "180+1"]
[Date "2022.08.09"]
[WhiteClock "0:00:01"]
[BlackClock "0:01:40"]

1. e4 e6 2. d4 d5 3. e5 c5 4. c3 Nc6 5. Nf3 Qb6 6. a3 a5 7. a4 cxd4 8. cxd4 Bd7 9. Na3 Rc8 10. Nb5 Nb4 11. Rb1 Nc2+ 12. Kd2 Bb4+ 13. Nc3 Bxc3+ 14. bxc3 Qxb1 15. Qxc2 Qxc2+ 16. Kxc2 Bxa4+ 17. Kd2 Ne7 18. Bd3 O-O 19. Ba3 Rfe8 20. Rb1 Bc6 21. Bb5 Ng6 22. g3 f6 23. Bd6 Red8 24. Ra1 b6 25. Ba6 Ra8 26. Bd3 fxe5 27. Bxe5 Nxe5 28. Nxe5 Be8 29. Rb1 Rdb8 30. Kc2 b5 31. f4 b4 32. cxb4 axb4 33. Rb2 Ba4+ 34. Kb1 b3 0-1


[Site "https://www.chess.com"]

[Event "Titled Tuesday Blitz August 09 Early 2022"]
[White "Sanchez, Robert"]
[Black "Mouhamad, Joachim"]
[WhiteFideId "2034360"]
[BlackFideId "656410"]
[WhiteElo "2286"]
[BlackElo "2147"]
[Result "1-0"]
[Round "10"]
[TimeControl "180+1"]
[Date "2022.08.09"]
[WhiteClock "0:01:27"]
[BlackClock "0:00:08"]

1. Nf3 d5 2. e3 e6 3. c4 Nf6 4. Nc3 Be7 5. b3 O-O 6. Bb2 b6 7. Be2 Bb7 8. O-O Nbd7 9. d4 Ne4 10. cxd5 exd5 11. Nxe4 dxe4 12. Nd2 c5 13. Nc4 Rc8 14. Rc1 cxd4 15. Bxd4 Nc5 16. Bb2 Nd3 17. Bxd3 Qxd3 18. Qg4 g6 19. Rfd1 f5 20. Rxd3 fxg4 21. Rd7 Bf6 22. Bxf6 Rxf6 23. Rxb7 Rfc6 24. Rf1 R8c7 25. Rxc7 Rxc7 26. a4 Kf7 27. Rd1 Ke6 28. Rd6+ Ke7 29. Rd4 Kf6 30. Rxe4 Rd7 31. Rd4 Rxd4 32. exd4 1-0


[Site "https://www.chess.com"]

[Event "Titled Tuesday Blitz August 09 Early 2022"]
[White "Sarkar, Justin"]
[Black "Ovezdurdyyeva, Jemal"]
[WhiteFideId "2010011"]
[BlackFideId "14001888"]
[WhiteElo "2076"]
[BlackElo "1946"]
[Result "1-0"]
[Round "10"]
[TimeControl "180+1"]
[Date "2022.08.09"]
[WhiteClock "0:00:20"]
[BlackClock "0:01:13"]

1. e4 d6 2. d4 Nf6 3. Nc3 g6 4. f4 a6 5. Bd3 Nc6 6. e5 dxe5 7. dxe5 Nd5 8. Ne4 Bg7 9. a3 O-O 10. Nf3 f6 11. Bc4 Be6 12. Nc5 Bf7 13. e6 Nb6 14. exf7+ Kh8 15. Qxd8 Rfxd8 16. Bb3 Na5 17. Ba2 Rf8 18. Ne6 Rfc8 19. O-O Nac4 20. Re1 Nd6 21. Nxg7 Kxg7 22. Rxe7 Kf8 23. Re6 Kg7 24. Be3 Rf8 25. Bxb6 1-0


[Site "https://www.chess.com"]

[Event "Titled Tuesday Blitz August 09 Early 2022"]
[White "Shapiro, Daniel"]
[Black "Estrada Nieto, Julian"]
[WhiteFideId "2001780"]
[BlackFideId "5101018"]
[WhiteElo "2250"]
[BlackElo "2252"]
[Result "1-0"]
[Round "10"]
[TimeControl "180+1"]
[Date "2022.08.09"]
[WhiteClock "0:00:18"]
[BlackClock "0:00:26"]

1. d4 d5 2. c4 dxc4 3. e4 e5 4. Nf3 exd4 5. Qxd4 Qxd4 6. Nxd4 Bc5 7. Nb5 Na6 8. Bxc4 Nf6 9. N5c3 Nb4 10. Na3 Be6 11. O-O c6 12. Bg5 Bd4 13. Rfd1 Rd8 14. Rac1 h6 15. Bxf6 Bxf6 16. Bxe6 fxe6 17. Nc4 Nd3 18. Rc2 Ne5 19. Nd6+ Ke7 20. Nxb7 Rxd1+ 21. Nxd1 Rb8 22. Na5 Rd8 23. Ne3 Rd4 24. f4 Rxe4 25. fxe5 Bg5 26. Nxc6+ Kd7 27. Nf1 Re1 28. Kf2 Ra1 29. b3 a6 30. Nb4 Bd8 31. Nxa6 Bb6+ 32. Ke2 g5 33. Ne3 Rg1 34. Kf3 h5 35. Nc4 g4+ 36. Kg3 Bd8 37. Rd2+ Ke7 38. Nb4 Re1 39. Kh4 Ke8+ 40. Kxh5 g3 41. hxg3 Bc7 42. Nd6+ Kf8 43. Rf2+ Kg8 44. Nc6 Bb6 45. Ne7+ Kg7 46. Ne8+ Kh8 47. Rf8+ Kh7 48. Rf7+ Kh8 49. Nf6 Rxe5+ 50. Kg6 Rg5+ 51. Kxg5 Be3+ 52. Kg6 1-0


[Site "https://www.chess.com"]

[Event "Titled Tuesday Blitz August 09 Early 2022"]
[White "Shimanov, Aleksandr"]
[Black "Chigaev, Maksim"]
[WhiteFideId "4198603"]
[BlackFideId "4108116"]
[WhiteElo "2605"]
[BlackElo "2487"]
[Result "1/2-1/2"]
[Round "10"]
[TimeControl "180+1"]
[Date "2022.08.09"]
[WhiteClock "0:00:02"]
[BlackClock "0:00:05"]

1. d4 Nf6 2. Bg5 g6 3. Nd2 Bg7 4. c3 d6 5. e4 O-O 6. Ngf3 Nc6 7. h3 Qe8 8. Bb5 Nd7 9. O-O a6 10. Ba4 e5 11. dxe5 Ncxe5 12. Nxe5 Qxe5 13. Be3 Qe7 14. Re1 b5 15. Bb3 Bb7 16. Bd5 c6 17. Bb3 Ne5 18. Qe2 c5 19. f4 Nd7 20. Rad1 Rad8 21. Bf2 Rfe8 22. Nf3 c4 23. Bc2 Nf6 24. Bh4 Qc7 25. e5 dxe5 26. Rxd8 Qxd8 27. Nxe5 Qb6+ 28. Bf2 Qc7 29. Qd2 Rd8 30. Bd4 Nd5 31. Qf2 b4 32. f5 bxc3 33. bxc3 Re8 34. Ng4 Rxe1+ 35. Qxe1 Bxd4+ 36. cxd4 h5 37. Ne5 Qe7 38. Qf2 Kg7 39. fxg6 f6 40. Nxc4 Qb4 41. Ne3 Nxe3 42. Qxe3 Qd6 43. Kf2 h4 44. Kg1 Qc7 45. Bf5 Qd6 46. a3 Qd8 47. Qc3 Qd5 48. Qc2 Qxd4+ 49. Qf2 Qd6 50. Qxh4 Qc5+ 51. Qf2 Qxa3 52. g4 Qc1+ 53. Kh2 Qc7+ 54. Kg1 Qc1+ 55. Kh2 Qc7+ 56. Qg3 Qxg3+ 57. Kxg3 a5 58. h4 a4 59. h5 a3 60. Be6 Bc8 61. Ba2 Kh6 62. Kf4 Bd7 63. Bf7 Bc8 64. Bd5 Bd7 65. Bc4 Bc8 66. Bb3 Bd7 67. Ba2 Bc8 68. Kg3 Bd7 69. Kh4 Bc8 70. Kg3 Bd7 71. Kf3 Bc8 72. Kf4 Bd7 73. Bb3 Bc8 74. Ba2 1/2-1/2


[Site "https://www.chess.com"]

[Event "Titled Tuesday Blitz August 09 Early 2022"]
[White "Shohat, Yotam"]
[Black "Madaminov, Mukhiddin"]
[WhiteFideId "2813955"]
[BlackFideId "14210703"]
[WhiteElo "2119"]
[BlackElo "2011"]
[Result "0-1"]
[Round "10"]
[TimeControl "180+1"]
[Date "2022.08.09"]
[WhiteClock "0:00:02"]
[BlackClock "0:01:52"]

1. e4 e5 2. Nf3 Nc6 3. Bb5 a6 4. Bxc6 dxc6 5. O-O f6 6. d4 exd4 7. Nxd4 c5 8. Nb3 Qxd1 9. Rxd1 Bg4 10. f3 Bd7 11. Bf4 O-O-O 12. Nc3 c4 13. Nd2 Bc5+ 14. Kh1 Be6 15. Nf1 Ne7 16. Be3 Bd6 17. Rd2 Be5 18. Rad1 Rxd2 19. Bxd2 g5 20. Be1 Ng6 21. Ne3 c6 22. Bg3 Nf4 23. Bxf4 gxf4 24. Nf1 h5 25. Kg1 Kc7 26. Kf2 b5 27. a3 a5 28. Rb1 h4 29. h3 Bd4+ 30. Ke1 Rg8 31. Ne2 Be5 32. Kf2 b4 33. axb4 axb4 34. Nh2 Rd8 35. Ke1 Rg8 36. Ng4 c5 37. c3 Kc6 38. Ra1 Kb6 39. Rd1 Kb5 0-1


[Site "https://www.chess.com"]

[Event "Titled Tuesday Blitz August 09 Early 2022"]
[White "Shpanko, Nadiia"]
[Black "Kostiukov, Alexandr"]
[WhiteFideId "14132400"]
[BlackFideId "14108100"]
[WhiteElo "2139"]
[BlackElo "2202"]
[Result "1-0"]
[Round "10"]
[TimeControl "180+1"]
[Date "2022.08.09"]
[WhiteClock "0:00:06"]
[BlackClock "0:00:01"]

1. c4 c5 2. g3 Nf6 3. Bg2 g6 4. Nc3 Bg7 5. Nf3 O-O 6. O-O Nc6 7. d3 d5 8. cxd5 Nxd5 9. Bd2 Nc7 10. a3 b6 11. Rb1 Bb7 12. b4 cxb4 13. axb4 Qd7 14. b5 Nd4 15. Ne5 Qc8 16. Nc6 Bxc6 17. bxc6 Qe6 18. Bf4 Rfc8 19. Qa4 b5 20. Nxb5 Ncxb5 21. Rxb5 Rxc6 22. Bxc6 Qxc6 23. Rfb1 Nxb5 24. Rxb5 Qc8 25. Ra5 a6 26. Qe4 Bf6 27. h4 h5 28. Qd5 Ra7 29. Be3 Ra8 30. Kg2 Kg7 31. Qe4 Qe8 32. Bg5 Qc8 33. Bxf6+ exf6 34. Qd5 Ra7 35. Qd6 Qb7+ 36. Kh2 Ra8 37. Qa3 Re8 38. e3 Re6 39. e4 Qb6 40. Qa2 Rc6 41. d4 1-0


[Site "https://www.chess.com"]

[Event "Titled Tuesday Blitz August 09 Early 2022"]
[White "Shuvalov, Evgenij"]
[Black "Skliarov, Viktor"]
[WhiteFideId "4187237"]
[BlackFideId "14106736"]
[WhiteElo "2058"]
[BlackElo "2257"]
[Result "1-0"]
[Round "10"]
[TimeControl "180+1"]
[Date "2022.08.09"]
[WhiteClock "0:00:37"]
[BlackClock "0:00:02"]

1. Nf3 g6 2. c4 Bg7 3. d4 Nf6 4. Nc3 O-O 5. e4 d6 6. Be2 Bg4 7. Be3 Nc6 8. Ng1 Bxe2 9. Ngxe2 Ng4 10. Bg5 h6 11. Bh4 g5 12. Bg3 e5 13. d5 Nd4 14. h3 Nf6 15. Bh2 c5 16. Ng3 Qd7 17. O-O a6 18. a4 b5 19. axb5 axb5 20. Rxa8 Rxa8 21. Nxb5 Nxb5 22. cxb5 Qxb5 23. Qc2 Ra2 24. Rb1 Bf8 25. f3 Nd7 26. Kh1 Nb6 27. Qc3 Na4 28. Qc1 Rxb2 29. Rxb2 Qxb2 30. Qd1 Nc3 31. Qe1 c4 32. Nf5 Qb1 33. Bg3 Qxe1+ 34. Bxe1 Nb5 35. Ne3 c3 36. Kg1 Be7 37. Kf1 Bd8 38. Ke2 Bb6 39. Nc2 Bd4 40. Kd3 Kg7 41. Kc4 Nc7 42. Nxd4 exd4 43. Bf2 c2 44. Bxd4+ Kg6 45. Bb2 f5 46. Kd3 fxe4+ 47. fxe4 Ne8 48. Kxc2 Nf6 49. Bxf6 Kxf6 50. Kd2 Ke5 51. Ke3 h5 52. g3 g4 53. h4 Kf6 54. Kf4 Kg6 55. e5 dxe5+ 56. Kxe5 1-0


[Site "https://www.chess.com"]

[Event "Titled Tuesday Blitz August 09 Early 2022"]
[White "Shuvalova, Polina"]
[Black "Kilic, Eray"]
[WhiteFideId "24171760"]
[BlackFideId "44517173"]
[WhiteElo "2330"]
[BlackElo "1776"]
[Result "0-1"]
[Round "10"]
[TimeControl "180+1"]
[Date "2022.08.09"]
[WhiteClock "0:00:01"]
[BlackClock "0:01:04"]

1. e4 c5 2. Nf3 d6 3. d4 cxd4 4. Nxd4 Nf6 5. Nc3 a6 6. g3 e5 7. Nb3 Be7 8. a4 O-O 9. Bc4 Bh3 10. Bg5 Qc8 11. Be2 Nc6 12. Qd2 Bg2 13. Rg1 Nxe4 14. Nxe4 Bxe4 15. Bxe7 Nxe7 16. O-O-O d5 17. f4 Nf5 18. Bd3 Bxd3 19. Qxd3 e4 20. Qe2 Qc6 21. g4 Nd6 22. a5 Rac8 23. Kb1 Nc4 24. f5 Qb5 25. Rg2 b6 26. f6 bxa5 27. fxg7 Rfd8 28. Qf2 a4 29. Rf1 Rd7 30. Qf5 axb3 31. cxb3 Ne3 32. Qg5 Qxf1+ 33. Ka2 Qxg2 0-1


[Site "https://www.chess.com"]

[Event "Titled Tuesday Blitz August 09 Early 2022"]
[White "Smietanska, Wiktoria"]
[Black "Fernandez Siles, Luis"]
[WhiteFideId "21869359"]
[BlackFideId "2209420"]
[WhiteElo "1883"]
[BlackElo "2211"]
[Result "0-1"]
[Round "10"]
[TimeControl "180+1"]
[Date "2022.08.09"]
[WhiteClock "0:00:17"]
[BlackClock "0:00:51"]

1. c4 e5 2. Nc3 Nf6 3. Nf3 Nc6 4. e4 h6 5. d4 exd4 6. Nxd4 Bb4 7. Nxc6 bxc6 8. Bd3 O-O 9. O-O Re8 10. Qc2 d6 11. Re1 Ng4 12. h3 Ne5 13. a3 Ba5 14. b4 Bb6 15. Be3 Be6 16. Bxb6 axb6 17. f4 Nxd3 18. Qxd3 Qh4 19. f5 Bd7 0-1


[Site "https://www.chess.com"]

[Event "Titled Tuesday Blitz August 09 Early 2022"]
[White "Solon, Nathan"]
[Black "Perez Rodriguez, Jennifer"]
[WhiteFideId "2017229"]
[BlackFideId "3507831"]
[WhiteElo "2622"]
[BlackElo "2170"]
[Result "1-0"]
[Round "10"]
[TimeControl "180+1"]
[Date "2022.08.09"]
[WhiteClock "0:00:10"]
[BlackClock "0:00:18"]

1. e4 e5 2. Nf3 Nc6 3. d3 Nf6 4. g3 Bc5 5. Bg2 d6 6. O-O Be6 7. Nc3 a5 8. h3 Qd7 9. Kh2 h5 10. Ng5 O-O-O 11. Nxe6 Qxe6 12. Nd5 Ne7 13. c4 Nfxd5 14. cxd5 Qd7 15. Bd2 Bb6 16. b4 axb4 17. Bxb4 g5 18. a4 f5 19. a5 Bd4 20. Rb1 Kb8 21. a6 b6 22. Qb3 Ka7 23. Bc3 Bc5 24. Bb4 h4 25. Bxc5 dxc5 26. exf5 hxg3+ 27. fxg3 Nc8 28. d6 Qxd6 29. f6 g4 30. h4 e4 31. Bxe4 Rxh4+ 32. Kg2 Rh3 33. Rf4 Rdh8 34. Qd5 Qxd5 35. Bxd5 Rh2+ 36. Kg1 R2h3 37. Kf2 Nd6 38. f7 Rf8 39. Re1 Rh7 40. Re7 Kxa6 41. Rxc7 Kb5 42. Rf6 Nxf7 43. Rfxf7 Rhxf7+ 44. Rxf7 Rd8 45. Bc4+ Kb4 46. Rb7 Rd6 47. Ke3 Rf6 48. Rf7 Rd6 49. Kf4 b5 50. Rb7 Rd4+ 51. Kg5 Rxc4 52. dxc4 Kxc4 53. Kxg4 b4 54. Kf5 b3 55. g4 Kc3 56. g5 c4 57. g6 Kc2 58. g7 c3 59. g8=Q b2 60. Qb3+ Kc1 61. Qxc3+ Kb1 62. Qxb2# 1-0


[Site "https://www.chess.com"]